 Dungeon Crawl Stone Soup version 0.20.0-15-g7f486f2 (webtiles) character file.

56 Monsterracer the Ruffian (level 3, -1/28 HPs)
             Began as a Draconian Transmuter on June 10, 2017.
             Was an Initiate of Okawaru.
             Slain by MirrMurr's ghost (5 damage)
             ... on level 3 of the Dungeon.
             The game lasted 00:04:40 (2295 turns).

Monsterracer the Ruffian (Draconian Transmuter)     Turns: 2295, Time: 00:04:42

Health: -1/28      AC:  6    Str: 12    XL:     3   Next: 69%
Magic:  1/6        EV: 12    Int: 14    God:    Okawaru [......]
Gold:   88         SH:  0    Dex: 11    Spells: 0/6 levels left

rFire    . . .     SeeInvis .     - Unarmed
rCold    . . .     Gourm    .   (no shield)
rNeg     . . .     Faith    .   (armour unavailable)
rPois    .         Spirit   .   (helmet restricted)
rElec    .         Reflect  .   (no cloak)
rCorr    .         Harm     .   (no gloves)
MR       .....                  d - +0 pair of boots
Stlth    +.........             (no amulet)
Regen    0.1/turn               (no ring)
MPRegen  0.1/turn               (no ring)

@: appendage (expiring)
A: unfitting armour, horns 2, cold-blooded, AC +5
a: End Transformation, Renounce Religion


You were on level 3 of the Dungeon.
You worshipped Okawaru.
Okawaru was noncommittal.
You were hungry.
You had grown temporary horns.
You visited 1 branch of the dungeon, and saw 3 of its levels.

You collected 88 gold pieces.

Inventory:

Missiles
 a - 9 arrows
Armour
 d - a +0 pair of boots (worn)
Scrolls
 e - a scroll of blinking {unknown}
 f - a scroll of fog {unknown}
 i - a scroll of magic mapping {unknown}
 j - a scroll of recharging {unknown}
 k - 2 scrolls of identify {unknown}
 l - a scroll of enchant armour {unknown}
 n - 2 scrolls of remove curse {unknown}
Potions
 g - a potion of heal wounds
Books
 b - a book of Changes

   Spells                             Type                      Level
   a - Beastly Appendage              Transmutation                1
   b - Sticks to Snakes               Transmutation                2
   c - Spider Form                    Transmutation/Poison         3
   d - Ice Form                       Ice/Transmutation            4
   e - Blade Hands                    Transmutation                5
Comestibles
 c - 2 bread rations
 h - 3 fruits
 m - a royal jelly


   Skills:
 - Level 1.1 Fighting
 - Level 1.7 Dodging
 + Level 4.7 Unarmed Combat
 - Level 2.0 Spellcasting
 - Level 2.0 Transmutations


You couldn't memorise any spells.
You knew the following spells:

 Your Spells              Type           Power        Failure   Level  Hunger
a - Beastly Appendage     Tmut           #.....       11%         1    ##.....
b - Sticks to Snakes      Tmut           #.......     16%         2    ###....
c - Spider Form           Tmut/Pois      #.........   43%         3    ####...


Dungeon Overview and Level Annotations

Branches:
Dungeon (3/15)

Altars:
Okawaru

Annotations:
D:3 MirrMurr's ghost, amateur GrMo


Innate Abilities, Weirdness & Mutations

Your plain brown scales are hard. (AC +5)
You cannot fit into any form of body armour.
You are cold-blooded and may be slowed by cold attacks.
You have a pair of horns on your head.


Message History

Your transformation is almost over.
Your ball python barely misses MirrMurr's ghost.
Your ball python bites MirrMurr's ghost but does no damage.
MirrMurr's ghost hits you.
* * * LOW HITPOINT WARNING * * *
Your ball python closely misses MirrMurr's ghost.
Your ball python barely misses MirrMurr's ghost. x2
Your ball python closely misses MirrMurr's ghost.
Your ball python bites MirrMurr's ghost but does no damage.
MirrMurr's ghost hits your ball python!
Your ball python dies!
Your ball python bites MirrMurr's ghost but does no damage.
You see here a goblin skeleton.
Your ball python misses MirrMurr's ghost.
Your ball python closely misses MirrMurr's ghost.
Your ball python bites MirrMurr's ghost but does no damage.
Found 15 gold pieces.
Your ball python closely misses MirrMurr's ghost.
MirrMurr's ghost hits you.
You die...

#. #.?.. #.
#..# #. ##..#
.. #.#####...#
$. #.......#.#
#.#....รท)##.#
#........# .#
##....WS<# .#
#....@S.# .#
#.......# .#
#.......# .#
#.####### #. .
##


You could see MirrMurr's ghost and 2 friendly ball pythons.

Vanquished Creatures
  An adder (D:2)
  A worm (D:2)
  2 dart slugs (D:2)
  A leopard gecko (D:2)
  An orc (D:2)
  5 bats
  A giant cockroach (D:2)
  3 goblins
  5 hobgoblins
  2 jackals (D:1)
  2 quokkas (D:2)
  A frilled lizard (D:2)
  8 kobolds
  2 rats (D:1)
35 creatures vanquished.

Notes
Turn   | Place    | Note
-------+----------+-------------------------------------------
     0 | D:1      | Monsterracer the Draconian Transmuter began the quest for the Orb.
     0 | D:1      | Reached XP level 1. HP: 16/16 MP: 3/3
   407 | D:1      | Reached XP level 2. HP: 23/23 MP: 5/5
   832 | D:2      | Reached skill level 4 in Unarmed Combat
  1098 | D:2      | Found an iron altar of Okawaru.
  1109 | D:2      | Became a worshipper of Warmaster Okawaru
  1293 | D:2      | Reached XP level 3. HP: 23/28 MP: 6/6
  1722 | D:2      | Learned a level 3 spell: Spider Form
  1909 | D:3      | Noticed MirrMurr's ghost (amateur GrMo)
  1933 | D:2      | Learned a level 2 spell: Sticks to Snakes
  2295 | D:3      | Slain by MirrMurr's ghost

Skill      XL: |  1  2 |
---------------+-------+-----
Unarmed Combat | 4 |  4.7
Fighting       | |  1.1
Dodging        | |  1.7
Spellcasting   | |  2.0
Transmutations | |  2.0

Action                   || total
-------------------------++-------
Melee: Unarmed           ||   140
       Tailslap          ||    12
       Headbutt          ||     5
       Punch             ||     1
 Cast: Beastly Appendage ||     6
       Sticks to Snakes  ||     3
       Spider Form       ||     1
  Use: Potion            ||     3
 Stab: Distracted        ||     1
  Eat: Chunk             ||     4
Armor: Skin              ||    36
Dodge: Dodged            ||    91
